 Dungeon Crawl Stone Soup version 0.21.0-3-g78d12a8 (webtiles) character file.

2297 Wehk the Covert (level 9, -10/68 HPs)
             Began as a Vampire Enchanter on Jan 14, 2018.
             Was a Believer of Dithmenos.
             Mangled by a two-headed ogre
             ... wielding a +0 giant spiked club
              (21 damage)
             ... on level 9 of the Dungeon.
             The game lasted 00:31:05 (7105 turns).

Wehk the Covert (Vampire Enchanter)                 Turns: 7105, Time: 00:31:05

Health: -10/68     AC:  7    Str: 15    XL:     9   Next: 17%
Magic:  6/16       EV: 13    Int: 19    God:    Dithmenos [**....]
Gold:   472        SH:  0    Dex: 14    Spells: 7/18 levels left

rFire    . . .     SeeInvis +   F - -1 falchion (curse)
rCold    . . .     Gourm    .   (no shield)
rNeg     + . .     Faith    .   b - +0 robe
rPois    .         Spirit   .   z - +0 helmet
rElec    .         Reflect  .   (no cloak)
rCorr    .         Harm     .   a - +2 pair of gloves
MR       .....     Rnd*Tele +   h - +0 pair of boots
Stlth    +++++.....             (no amulet)
HPRegen  0.21/turn              f - ring of teleportation (curse)
MPRegen  0.15/turn              B - +6 ring of strength

@: wreathed by umbra
A: fangs 3, see invisible, unbreathing
a: Bat Form, Shadow Step, Renounce Religion


You were on level 9 of the Dungeon.
You worshipped Dithmenos.
Dithmenos was pleased with you.
You were not thirsty.

You visited 2 branches of the dungeon, and saw 10 of its levels.

You collected 472 gold pieces.

Inventory:

Hand Weapons
 w - a +2 dagger
 F - a cursed -1 falchion (weapon)
Missiles
 g - 22 poisoned needles
 s - 4 silver tomahawks (quivered)
 x - 2 throwing nets
Armour
 a - a +2 pair of gloves (worn)
 b - a +0 robe (worn)
 h - a +0 pair of boots (worn)
 z - a +0 helmet (worn)
Jewellery
 e - an uncursed ring of wizardry
 f - a cursed ring of teleportation (left hand)
 B - a +6 ring of strength (right hand)
Wands
 i - a wand of acid (6)
 r - a wand of iceblast (2)
 v - a wand of paralysis (18)
Scrolls
 j - 2 scrolls of amnesia
 t - 4 scrolls of teleportation
 y - a scroll of blinking
 E - a scroll of enchant weapon
Potions
 d - a potion of brilliance
 k - a potion of flight
 l - a potion of might
 m - a potion of degeneration {unknown}
 n - a potion of invisibility {unknown}
 o - a potion of cancellation {unknown}
 q - 2 potions of haste
 u - a potion of agility {unknown}
 A - a potion of curing
Books
 D - a book of Necromancy

   Spells                             Type                      Level
   a - Pain                           Necromancy                   1
   b - Animate Skeleton               Necromancy                   1
   c - Vampiric Draining              Necromancy                   3
   d - Regeneration                   Charms/Necromancy            3
   e - Animate Dead                   Necromancy                   4
   f - Borgnjor's Vile Clutch         Necromancy/Earth             5


   Skills:
 - Level 5.4 Fighting
 - Level 6.0 Short Blades
 + Level 2.8 Dodging
 - Level 9.3 Stealth
 - Level 5.1 Spellcasting
 - Level 1.0 Conjurations
 - Level 7.0 Hexes
 - Level 2.2 Ice Magic


You had 7 spell levels left.
You knew the following spells:

 Your Spells              Type           Power        Failure   Level  Hunger
a - Ensorcelled Hibernat  Hex/Ice        ###...       2%          2    #......
c - Confuse               Hex            ####....     1%          3    ##.....
d - Tukima's Dance        Hex            ####....     1%          3    ##.....
e - Dazzling Spray        Conj/Hex       ###...       7%          3    ##.....


Dungeon Overview and Level Annotations

Branches:
Dungeon (9/15)             Temple (1/1) D:4
   Lair: D:8-11         Orc: D:9-12

Altars:
Ashenzari
Dithmenos
Elyvilon
Kikubaaqudgha
Makhleb
Nemelex Xobeh
Okawaru
Ru
Uskayaw
Vehumet
Wu Jian
Yredelemnul
The Shining One

Shops:
D:5 (%(=

Annotations:
D:2 exclusion: 2 downstairs
D:3 exclusion: downstairs
D:6 1 exclusion
D:7 Dowan, Duvessa


Innate Abilities, Weirdness & Mutations

You have razor-sharp teeth.
You have supernaturally acute eyesight. (SInv)
You can survive without breathing.


Message History

You start resting.
You feel sick. x15
You are no longer poisoned.
You start resting.
You are suddenly yanked towards a nearby monster!
Your surroundings suddenly seem different.
A two-headed ogre comes into view.
It is wielding a giant spiked club and a giant club.
The two-headed ogre shouts in stereo!
The two-headed ogre hits you with a giant spiked club.
* * * LOW HITPOINT WARNING * * *
The two-headed ogre barely misses you.
Unknown command.
Unknown command.
Casting: Dazzling Spray
Confirm with . or Enter, or press ? or * to list all spells.
Aiming: Tukima's Dance
Press: ? - help, Shift-Dir - straight line, f - two-headed ogre
Aim: a two-headed ogre, wielding a giant spiked club and a giant club (umbra, chance to defeat MR: 53%)
The giant club dances into the air!
The two-headed ogre closely misses you.
The two-headed ogre hits you with a giant spiked club!!
You die...

##########
........(#
.........#
........O#
.......@.#
.........#
..########


You could see a two-headed ogre and a friendly giant club.

Vanquished Creatures
  Grinder (D:3)
  2 ice beasts
  An ogre (D:7)
  2 phantoms
  2 bullfrogs
  3 scorpions
  5 killer bees
  3 crimson imps
  2 hounds
  6 orc priests
  An iguana (D:4)
  10 orc wizards
  8 worker ants
  12 adders
  2 shadow imps (D:5)
  An ooze (D:2)
  An adder zombie (D:7)
  An adder skeleton (D:8)
  2 dart slugs
  2 leopard geckos (D:5)
  31 orcs
  3 ball pythons
  15 bats
  3 giant cockroaches
  2 gnoll zombies (D:4)
  9 hobgoblins
  6 jackals
  3 kobolds
  3 quokkas
  6 frilled lizards
  3 goblins
  2 leopard gecko skeletons
  A quokka skeleton (D:4)
  6 rats
160 creatures vanquished.

Vanquished Creatures (collateral kills)
  An ogre (D:5)
  A crimson imp (D:5)
2 creatures vanquished.

Grand Total: 162 creatures vanquished

Notes
Turn   | Place    | Note
-------+----------+-------------------------------------------
     0 | D:1      | Wehk the Vampire Enchanter began the quest for the Orb.
     0 | D:1      | Reached XP level 1. HP: 13/13 MP: 3/3
   178 | D:1      | Reached skill level 5 in Hexes
   232 | D:1      | Reached XP level 2. HP: 19/19 MP: 5/5
   459 | D:1      | Learned a level 2 spell: Ensorcelled Hibernation
  1067 | D:2      | Reached XP level 3. HP: 24/24 MP: 3/6
  1311 | D:2      | Found a glowing golden altar of the Shining One.
  1499 | D:3      | Noticed Grinder
  1543 | D:2      | Learned a level 3 spell: Confuse
  1668 | D:3      | Reached XP level 4. HP: 5/30 MP: 1/7
  1931 | D:3      | Paralysed by Grinder for 3 turns
  2279 | D:4      | Found a radiant altar of Vehumet.
  2279 | D:4      | Found a sacrificial altar of Ru.
  2381 | D:4      | Found a staircase to the Ecumenical Temple.
  2392 | D:4      | Reached XP level 5. HP: 35/35 MP: 5/10
  2542 | D:3      | Found a shattered altar of Ashenzari.
  2604 | D:3      | Paralysed by Grinder for 3 turns
  2612 | D:3      | Killed Grinder
  2612 | D:3      | Reached skill level 5 in Spellcasting
  2612 | D:3      | Reached XP level 6. HP: 25/41 MP: 1/13
  2826 | D:4      | Learned a level 3 spell: Tukima's Dance
  2888 | D:4      | Reached skill level 1 in Fighting
  2985 | Temple   | Entered the Ecumenical Temple
  3019 | Temple   | Became a worshipper of Dithmenos the Shadowed
  3213 | D:4      | Reached XP level 7. HP: 50/50 MP: 1/14
  3426 | D:4      | Learned a level 3 spell: Dazzling Spray
  3436 | D:4      | Found a basalt altar of Yredelemnul.
  3464 | D:5      | Entered Level 5 of the Dungeon
  3516 | D:5      | Reached skill level 1 in Ice Magic
  3660 | D:5      | Reached skill level 1 in Conjurations
  3840 | D:5      | Reached * piety under Dithmenos
  4076 | D:5      | Found Gitooce's Antique Weapon Shop.
  4087 | D:5      | Found Xasos's Weapon Shoppe.
  4139 | D:5      | Found Luluuhorgh's Jewellery Shop.
  4185 | D:5      | Found Anirphe's Food Emporium.
  4771 | D:6      | Reached XP level 8. HP: 60/60 MP: 11/15
  4838 | D:6      | Reached skill level 5 in Stealth
  4946 | D:6      | Reached skill level 6 in Stealth
  5051 | D:6      | Reached skill level 7 in Stealth
  5133 | D:6      | Reached ** piety under Dithmenos
  5278 | D:7      | Reached skill level 8 in Stealth
  5291 | D:7      | Reached skill level 9 in Stealth
  5529 | D:7      | Noticed Duvessa
  5530 | D:7      | Noticed Dowan
  5601 | D:8      | Reached skill level 5 in Short Blades
  6004 | D:7      | Reached skill level 5 in Fighting
  6089 | D:7      | Reached XP level 9. HP: 68/68 MP: 10/16
  7104 | D:9      | Noticed a two-headed ogre
  7105 | D:9      | Mangled by a two-headed ogre

Skill      XL: |  1  2  3  4  5  6  7  8  9 |
---------------+----------------------------+-----
Hexes          | 5 6 7 |  7.0
Spellcasting   | 3 5 |  5.1
Fighting       | 2 3 5 |  5.4
Short Blades   | 2 4 5 6 |  6.0
Ice Magic      | 2 |  2.2
Conjurations   | 1 |  1.0
Stealth        | 9 |  9.3
Dodging        | |  2.8

Action                   |  1- 3 |  4- 6 |  7- 9 || total
-------------------------+-------+-------+-------++-------
Melee: Dagger            |   142 |   124 |   255 ||   521
       Bite              |    13 |    10 |    30 ||    53
       Falchion          |       |       |    28 ||    28
Throw: Tomahawk          |       |       |     5 ||     5
       Throwing net      |       |       |     1 ||     1
 Cast: Corona            |     8 |       |       ||     8
       Ensorcelled Hiber |    25 |    43 |    60 ||   128
       Confuse           |       |     8 |    22 ||    30
       Tukima's Dance    |       |       |     7 ||     7
       Dazzling Spray    |       |       |    17 ||    17
Evoke: Wand              |       |     3 |       ||     3
  Use: Potion            |     3 |       |     6 ||     9
       Scroll            |       |       |    18 ||    18
 Stab: Sleeping          |    26 |    27 |    43 ||    96
       Distracted        |     1 |       |       ||     1
       Confused          |       |     3 |    18 ||    21
       Paralysed         |       |     1 |       ||     1
       Invisible         |       |       |     4 ||     4
  Eat: Corpse            |    11 |    13 |    19 ||    43
Armor: Robe              |    48 |    48 |    51 ||   147
Dodge: Dodged            |    90 |    93 |   196 ||   379
       Rpst.: Falchion   |       |       |    13 ||    13
